 Dungeon Crawl Stone Soup version 0.23.2-30-g0e89c35 (webtiles) character file.

Game seed: 3397797066188833790

1383 Fang the Skirmisher (level 8, -3/52 HPs)
             Began as a Gargoyle Berserker on June 10, 2019.
             Was an Elder of Trog.
             Slain by an ogre
             ... wielding a +0 giant club
              (10 damage)
             ... on level 5 of the Dungeon.
             The game lasted 00:06:23 (4881 turns).

Fang the Skirmisher (Gargoyle Berserker)            Turns: 4881, Time: 00:06:24

Health: -3/52      AC: 18    Str: 24    XL:     8   Next: 67%
Magic:  8/8        EV:  8    Int:  7    God:    Trog [****..]
Gold:   288        SH:  0    Dex:  9    Spells: 7/7 levels left

rFire    . . .     SeeInvis .   a - +0 hand axe
rCold    . . .     Gourm    .   (no shield)
rNeg     + . .     Faith    .   b - +0 plate armour
rPois    ∞         Spirit   .   (no helmet)
rElec    +         Reflect  .   (no cloak)
rCorr    .         Harm     .   (no gloves)
MR       ++...                  (no boots)
Stlth    ..........             (no amulet)
HPRegen  1.17/turn              l - ring of attention (curse)
MPRegen  0.11/turn              (no ring)

@: berserk cooldown, regenerating
A: negative energy resistance 1, electricity resistance, unbreathing,
petrification resistance, rot immunity, AC +5
a: Berserk, Trog's Hand, Brothers in Arms, Renounce Religion


You were on level 5 of the Dungeon.
You worshipped Trog.
Trog was greatly pleased with you.
You were hungry.

You visited 1 branch of the dungeon, and saw 5 of its levels.

You collected 288 gold pieces.

Inventory:

Hand Weapons
 a - a +0 hand axe (weapon)
Armour
 b - a +0 plate armour (worn)
Jewellery
 l - a cursed ring of attention (left hand)
Wands
 q - a wand of disintegration (10)
Scrolls
 d - 2 scrolls of enchant armour {unknown}
 e - 4 scrolls of identify {unknown}
 j - a scroll of teleportation {unknown}
 n - a scroll of amnesia {unknown}
 s - 2 scrolls of immolation {unknown}
 v - a scroll of fog {unknown}
 w - a scroll of remove curse {unknown}
Potions
 f - a potion of mutation {unknown}
 g - 2 potions of haste
 h - a potion of flight {unknown}
 i - 3 potions of curing
 k - a potion of lignification {unknown}
 m - a potion of degeneration {unknown}
 o - a potion of magic {unknown}
 p - 3 potions of cancellation {unknown}
 r - 2 potions of brilliance {unknown}
 t - a potion of heal wounds {unknown}
 u - 2 potions of berserk rage {unknown}
Comestibles
 c - 7 rations
 x - a chunk of flesh


   Skills:
 + Level 6.5 Fighting
 + Level 5.4 Axes
 + Level 6.0 Armour
 + Level 4.5 Dodging


You had 7 spell levels left.
You didn't know any spells.
Your spell library was empty.

Dungeon Overview and Level Annotations

Branches:
Dungeon (5/15)
 Temple: D:4-7

Altars:
Gozag
Nemelex Xobeh
Okawaru
Beogh

Shops:
D:4 [


Innate Abilities, Weirdness & Mutations

You are resistant to torment.
Your stone body is resilient. (AC +5)
You are immune to poison.
You resist negative energy. (rN+)
You are resistant to electric shocks. (rElec)
You can survive without breathing.
You are immune to petrification.
You are immune to rotting.


Message History

You feel yourself slow down.
You start resting.
An ogre comes into view. It is wielding a +0 giant club.
An ogre is nearby!
An ogre is nearby!
The ogre shouts!
Items here: )) [ ÷ a +3 dagger; a +0 chain mail; a long sword; the goblin skeleton of Ijyb Your skin crawls.
You feel resistant to hostile enchantments.
You are feeling hungry.
The ogre barely misses you.
The ogre hits you with a +0 giant club!!
* * * LOW HITPOINT WARNING * * *
The ogre closely misses you.
You feel yourself speed up. The ogre hits you with a +0 giant club!
* * * LOW HITPOINT WARNING * * *
The ogre hits you with a +0 giant club!
You die...

#.#..# ##.# #.....###...##
#............# #...........
##..>......# #.........#
##..##....### ####
##...........####..#
#(...)).##.....@...#
##########
##...#.)#####[..O..#
#......... #...)..#
####...####..#......
#......## ##...##..###.....
#.......## ##.....## ##....
#........########....##
##...# #....................#
##...##
#......####.........##
##...##
#.....########.......###.<.##


You could see an ogre.

Vanquished Creatures
  The ghost of xraymikek the Sneak, an amateur SpEn of Ru (D:4)
  Edmund (D:4)
  2 ice beasts (D:5)
  A phantom (D:4)
  2 scorpions
  A water moccasin skeleton (D:5)
  4 orc priests (D:4)
  6 orc wizards
  A bullfrog skeleton (D:5)
  Ijyb (D:5)
  Natasha (thrice) (D:2)
  Terence (D:3)
  2 worker ants (D:4)
  5 adders
  A howler monkey skeleton (D:4)
  A shadow imp (D:5)
  4 oozes
  An adder zombie (D:5)
  A worm (D:4)
  4 dart slugs
  7 leopard geckos
  26 orcs
  A giant cockroach (D:3)
  8 goblins
  12 hobgoblins
  10 jackals
  3 quokkas
  A ball python (D:4)
  6 bats
  4 frilled lizards
  5 kobolds
  4 rats
130 creatures vanquished.

Notes
Turn   | Place    | Note
-------+----------+-------------------------------------------
     0 | D:1      | Fang the Gargoyle Berserker began the quest for the Orb.
     0 | D:1      | Reached XP level 1. HP: 14/14 MP: 1/1
    84 | D:1      | Reached XP level 2. HP: 19/19 MP: 2/2
   357 | D:1      | Reached XP level 3. HP: 19/23 MP: 3/3
   451 | D:1      | You fall through a shaft!
   723 | D:2      | Reached ** piety under Trog
   927 | D:2      | Noticed Natasha
   940 | D:2      | Killed Natasha
   940 | D:2      | Reached XP level 4. HP: 28/29 MP: 4/4
  1610 | D:1      | Reached XP level 5. HP: 33/33 MP: 5/5
  1926 | D:2      | Noticed Natasha
  1950 | D:2      | Killed Natasha
  2168 | D:2      | Noticed Natasha
  2177 | D:2      | Killed Natasha
  2324 | D:3      | Reached XP level 6. HP: 27/39 MP: 6/6
  2624 | D:3      | Found an iron altar of Okawaru.
  2786 | D:3      | Reached *** piety under Trog
  2834 | D:3      | Found an opulent altar of Gozag.
  2955 | D:3      | Noticed Terence
  2974 | D:3      | Killed Terence
  3209 | D:4      | Noticed Edmund
  3269 | D:4      | Killed Edmund
  3269 | D:4      | Reached skill level 5 in Fighting
  3269 | D:4      | Reached XP level 7. HP: 7/44 MP: 7/7
  3648 | D:4      | Found Juine's Armour Shop.
  4075 | D:4      | Reached skill level 5 in Armour
  4097 | D:4      | Found a runed translucent gate.
  4097 | D:4      | Found a runed translucent gate.
  4102 | D:4      | Found a runed translucent gate.
  4102 | D:4      | Noticed xraymikek's ghost (amateur SpEn)
  4105 | D:4      | Found a roughly hewn altar of Beogh.
  4118 | D:4      | Found a sparkling altar of Nemelex Xobeh.
  4268 | D:4      | Killed xraymikek's ghost
  4268 | D:4      | Reached XP level 8. HP: 51/51 MP: 8/8
  4270 | D:4      | Reached skill level 5 in Axes
  4349 | D:5      | Entered Level 5 of the Dungeon
  4601 | D:5      | Reached **** piety under Trog
  4829 | D:5      | Noticed Ijyb
  4842 | D:5      | Killed Ijyb
  4869 | D:5      | HP: 1/52 [ogre/+0 giant club (21)]
  4881 | D:5      | Slain by an ogre

Skill      XL: |  1  2  3  4  5  6  7  8 |
---------------+-------------------------+-----
Axes           | 3 4 5 |  5.4
Dodging        | 2 3 4 |  4.5
Armour         | 3 4 5 6 |  6.0
Fighting       | 4 5 6 |  6.5

Action                   |  1- 3 |  4- 6 |  7- 9 || total
-------------------------+-------+-------+-------++-------
Melee: Hand axe          |   110 |   249 |   230 ||   589
       Trident           |       |     5 |       ||     5
Invok: Berserk           |       |     2 |     5 ||     7
       Trog's Hand       |       |       |     2 ||     2
  Eat: Chunk             |       |     9 |    11 ||    20
Armor: Animal skin       |    33 |       |       ||    33
       Plate armour      |    26 |   205 |   145 ||   376
Dodge: Dodged            |    69 |   151 |    80 ||   300
